 Dungeon Crawl Stone Soup version 0.18.1-50-g88ac8fd (webtiles) character file.

122 RudyRod the Grave Robber (level 4, -3/30 HPs)
             Began as a Mummy Necromancer on Oct 5, 2016.
             Killed by divine providence
             ... invoked by an orc priest
              (9 damage)
             ... on level 3 of the Dungeon on Oct 7, 2016.
             The game lasted 00:14:23 (3283 turns).

RudyRod the Grave Robber (Mummy Necromancer)        Turns: 3283, Time: 00:14:24

Health: -3/30      AC:  8    Str: 11    XL:     4   Next: 78%
Magic:  3/9        EV: 12    Int: 15    God:
Gold:   215        SH:  0    Dex: 12    Spells: 2 memorised, 5 levels left

rFire  x . .     SeeInvis .     f - +4 mace (protect)
rCold  + . .     Gourm    .     a - +0 robe
rNeg   + + +     Faith    .     (no shield)
rPois  ∞         Spirit   .     (no helmet)
rElec  .         Dismiss  .     (no cloak)
rCorr  .         Reflect  .     o - +0 pair of gloves
SustAt .         Harm     .     (no boots)
MR     .....                    (no amulet)
Stlth  ++........               (no ring)
                                (no ring)

@: very slightly contaminated, not resistant to hostile enchantments, unstealthy
A: no food or potions, fire vulnerability, cold resistance 1, negative energy
resistance 3, torment resistance, unbreathing
a: no special abilities


You were on level 3 of the Dungeon.
You were not hungry.

You visited 1 branch of the dungeon, and saw 3 of its levels.

You collected 215 gold pieces.

Inventory:

Hand Weapons
 c - a +0 club
 f - a +4 mace of protection (weapon)
Armour
 a - a +0 robe (worn)
 g - a +0 shield
 o - a +0 pair of gloves (worn)
Jewellery
 i - an uncursed amulet of faith
Scrolls
 d - a scroll of enchant weapon {unknown}
 e - a scroll of magic mapping {unknown}
 h - 2 scrolls of random uselessness {unknown}
 j - 3 scrolls of remove curse {unknown}
 k - 3 scrolls of identify {unknown}
 l - a scroll of recharging {unknown}
 m - a scroll of teleportation {unknown}
 n - a scroll of enchant armour {unknown}
 p - a scroll of amnesia {unknown}
Books
 b - a book of Necromancy

   Spells                             Type                      Level
   a - Pain                           Necromancy                   1
   b - Animate Skeleton               Necromancy                   1
   c - Vampiric Draining              Necromancy                   3
   d - Regeneration                   Charms/Necromancy            3
   e - Animate Dead                   Necromancy                   4
   f - Control Undead                 Necromancy                   4


   Skills:
 + Level 0.1 Maces & Flails
 + Level 1.7 Dodging
 + Level 1.9 Stealth
 + Level 3.4 Spellcasting
 + Level 5.0 Necromancy


You had 5 spell levels left.
You knew the following spells:

 Your Spells              Type           Power        Failure   Level  Hunger
a - Pain                  Necr           ###.         2%          1    N/A
b - Vampiric Draining     Necr           ###.......   10%         3    N/A

Dungeon Overview and Level Annotations

Branches:
Dungeon (3/15)

Altars:

Annotations:
D:3 Terence


Innate Abilities, Weirdness & Mutations

You do not eat or drink.
Your flesh is vulnerable to fire.
You are immune to poison.
Your flesh is cold resistant.
You are immune to negative energy.
You are immune to unholy pain and torment.
You can survive without breathing.


Message History

The orc convulses in agony!
The orc hits you but does no damage.
Casting: Pain
Confirm with . or Enter, or press ? or * to list all spells.
Aiming: Pain
Press: ? - help, Shift-Dir - straight line, f/p - orc
Aim: an orc, wielding a hand axe (heavily wounded, chance to defeat MR: 93%)
The orc convulses in agony!
The orc closely misses you.
Casting: Pain
Confirm with . or Enter, or press ? or * to list all spells.
Aiming: Pain
Press: ? - help, Shift-Dir - straight line, f/p - orc
Aim: an orc, wielding a hand axe (almost dead, chance to defeat MR: 93%)
The orc convulses in agony!
You kill the orc!
The orc priest invokes the aid of Beogh against you.
Beogh smites you!
* * * LOW HITPOINT WARNING * * *
The orc priest calls down the wrath of Beogh upon you.
Beogh smites you!
You die...

#.>.'......# ########.#
#..(.#<###......# #......#.#
#....### #......# #....#.#..
#.o..# #......# #....'....
....# #......# #....#..<.
...# #.##########....#.###
.g# #...............'....
#.# #..#.########...####.
##.#####..#@................
#..)...o.g.....###..########
########..##.#...#..........
.....#......##.########
#####.#####........#
#.#........###.#
#.###.##.#.# # #.#
#.##...#.####### #.#
#.####.#.......#


You could see an orc priest and a goblin.

Vanquished Creatures
  4 adders
  An ooze (D:1)
  A giant gecko (D:3)
  7 orcs (D:3)
  A ball python (D:1)
  5 giant cockroaches
  8 goblins
  12 hobgoblins
  7 jackals
  A quokka (D:3)
  4 bats
  5 giant newts
  5 kobolds
  8 rats
69 creatures vanquished.

Notes
Turn   | Place    | Note
--------------------------------------------------------------
     0 | D:1      | RudyRod the Mummy Necromancer began the quest for the Orb.
     0 | D:1      | Reached XP level 1. HP: 13/13 MP: 3/3
   500 | D:1      | Reached XP level 2. HP: 19/19 MP: 1/5
  1319 | D:1      | Reached XP level 3. HP: 24/24 MP: 6/6
  2045 | D:2      | Reached XP level 4. HP: 30/30 MP: 2/8
  2650 | D:3      | Reached skill level 5 in Necromancy
  2761 | D:3      | Noticed Terence
  2889 | D:3      | Learned a level 3 spell: Vampiric Draining
  3283 | D:3      | Killed from afar by an orc priest

Skill      XL: |  1  2  3  4 |
---------------+-------------+-----
Spellcasting   | 3 |  3.4
Necromancy     | 5 |  5.0
Maces & Flails | |  0.1
Dodging        | |  1.7
Stealth        | |  1.9

Action                   |  1- 3 |  4- 6 || total
-------------------------+-------+-------++-------
Melee: Club              |     3 |       ||     3
       Mace              |    23 |     9 ||    32
 Cast: Pain              |    54 |    49 ||   103
 Stab: Sleeping          |     3 |       ||     3
Armor: Robe              |    21 |    10 ||    31
Dodge: Dodged            |    29 |    22 ||    51
